XFBL
ATLANTA BRAVES @ PITTSBURGH PIRATES
07/25/1982
 
TOP OF THE 1ST
Atlanta Braves batting - Pitching for Pittsburgh Pirates : LHP John Tudor
Pitching: LHP John Tudor
Batting: LHB Brett Butler 0-0: Ball
1-0: Fly out, F8 (Flyball, 8RM, EV 86.9 MPH)
Batting: LHB Mike Hargrove 0-0: Ball
1-0: Foul Ball, location: 2F
1-1: SINGLE (Groundball, 34D, EV 100.0 MPH)
Batting: SHB Tony Fernandez 0-0: Ball
1-0: Ball
2-0: Ball
3-0: Called Strike
3-1: Fly out, F8 (Flyball, 8RS, EV 80.0 MPH)
Batting: LHB Leon Durham 0-0: Ball
1-0: Ball
2-0: Foul Ball, location: 2F
2-1: Ball
3-1: Ground out 4-3 (Groundball, 4, EV 86.3 MPH)
Top of the 1st over - 0 runs, 1 hit, 0 errors, 1 left on base; Atlanta 0 - Pittsburgh 0
BOTTOM OF THE 1ST
Pittsburgh Pirates batting - Pitching for Atlanta Braves : RHP Gary Carter
Pitching: RHP Gary Carter
Batting: RHB Dan Gladden 0-0: Ball
1-0: Swinging Strike
1-1: Ball
2-1: Foul Ball, location: 2F
2-2: Ball
3-2: Strikes out swinging
Batting: SHB Chili Davis 0-0: Called Strike
0-1: Ball
1-1: Ball
2-1: SINGLE (Line Drive, 34D, EV 98.1 MPH)
Batting: RHB Rennie Stennett 0-0: Grounds into double play, 6-4-3 (Groundball, 6, EV 85.0 MPH)
Bottom of the 1st over - 0 runs, 1 hit, 0 errors, 0 left on base; Atlanta 0 - Pittsburgh 0
TOP OF THE 2ND
Atlanta Braves batting - Pitching for Pittsburgh Pirates : LHP John Tudor
Batting: LHB Mike Scioscia 0-0: Swinging Strike
0-1: Ball
1-1: Ball
2-1: DOUBLE (Line Drive, 89D, EV 108.1 MPH)
Batting: RHB Craig Kusick 0-0: Ball
1-0: Foul Ball, location: 2F
1-1: Ground out 5-3 (Groundball, 56, EV 78.1 MPH)
Batting: LHB Joe L Morgan 0-0: Foul Ball, location: 2F
0-1: Fly out, F6 (Flyball, 6D, EV 89.4 MPH)
Batting: RHB Tom Veryzer 0-0: Ball
1-0: Fly out, F9 (Flyball, 9D, EV 83.8 MPH)
Top of the 2nd over - 0 runs, 1 hit, 0 errors, 1 left on base; Atlanta 0 - Pittsburgh 0
BOTTOM OF THE 2ND
Pittsburgh Pirates batting - Pitching for Atlanta Braves : RHP Gary Carter
Batting: LHB Robert Lopez 0-0: Called Strike
0-1: Ball
1-1: Ball
2-1: Ball
3-1: Foul Ball, location: 2F
3-2: SINGLE (Line Drive, 78S, EV 105.0 MPH)
Batting: LHB Greg Walker 0-0: Ball
1-0: SINGLE (Groundball, P, EV 76.3 MPH) (infield hit)
Robert Lopez to second
Batting: RHB Mike C Brown 0-0: Ball
1-0: Ball
2-0: Foul Ball, location: 2F
2-1: Foul Ball, location: 2F
2-2: Ball
3-2: Foul Ball, location: 2F
3-2: Fly out, F8 (Flyball, 8LXD, EV 93.8 MPH)
Runner from 2nd tags up, SAFE at 3rd, no throw by CF
Batting: SHB Ron Oester 0-0: Ball
1-0: Ball
2-0: SINGLE (Groundball, 4MD, EV 103.8 MPH)
Robert Lopez scores
Greg Walker to second
Runner from 2nd tries for 3rd, SAFE, throw by CF made to third
Ron Oester to second
Batting: LHB Terry Whitfield 0-0: Intentional Walk
Batting: LHB John Tudor 0-0: Called Strike
0-1: Called Strike
0-2: Strikes out looking
Batting: RHB Dan Gladden 0-0: DOUBLE (Flyball, 89D, EV 94.4 MPH)
Greg Walker scores
Ron Oester scores
Terry Whitfield to third
Runner from 3rd tries for Home, SAFE, no throw by RF
Batting: SHB Chili Davis 0-0: Ball
1-0: Foul Ball, location: 2F
1-1: Ground out U3 (Groundball, 3, EV 88.8 MPH)
Bottom of the 2nd over - 4 runs, 4 hits, 0 errors, 1 left on base; Atlanta 0 - Pittsburgh 4
TOP OF THE 3RD
Atlanta Braves batting - Pitching for Pittsburgh Pirates : LHP John Tudor
Batting: LHB Gary Carter 0-0: Called Strike
0-1: Ball
1-1: Ball
2-1: Foul Ball, location: 2F
2-2: Strikes out swinging
Batting: LHB Brett Butler 0-0: Ball
1-0: Ball
2-0: Called Strike
2-1: Fly out, F5 (Popup, 56, EV 70.0 MPH)
Batting: LHB Mike Hargrove 0-0: Ball
1-0: Called Strike
1-1: Foul Ball, location: 2F
1-2: Ball
2-2: Foul Ball, location: 2F
2-2: Foul Ball, location: 2F
2-2: Ball
3-2: Fly out, F8 (Flyball, 8LS, EV 88.1 MPH)
Top of the 3rd over - 0 runs, 0 hits, 0 errors, 0 left on base; Atlanta 0 - Pittsburgh 4
BOTTOM OF THE 3RD
Pittsburgh Pirates batting - Pitching for Atlanta Braves : RHP Gary Carter
Batting: RHB Rennie Stennett 0-0: Ground out 6-3 (Groundball, 6, EV 107.5 MPH)
Batting: LHB Robert Lopez 0-0: Ball
1-0: Ball
2-0: Ball
3-0: SOLO HOME RUN (Flyball, 9LD, EV 103.8 MPH), Distance : 389 ft
Batting: LHB Greg Walker 0-0: Called Strike
0-1: Called Strike
0-2: Ball
1-2: Ball
2-2: Ground out 6-3 (Groundball, 56, EV 83.1 MPH)
Batting: RHB Mike C Brown 0-0: Foul Ball, location: 2F
0-1: Swinging Strike
0-2: Strikes out swinging
Bottom of the 3rd over - 1 run, 1 hit, 0 errors, 0 left on base; Atlanta 0 - Pittsburgh 5
TOP OF THE 4TH
Atlanta Braves batting - Pitching for Pittsburgh Pirates : LHP John Tudor
Batting: SHB Tony Fernandez 0-0: Ball
1-0: Ball
2-0: Ball
3-0: Called Strike
3-1: SINGLE (Groundball, 34D, EV 95.6 MPH)
Batting: LHB Leon Durham 0-0: Called Strike
0-1: Reached on error, E3 (Groundball, 3S, EV 65.0 MPH)
Tony Fernandez to second
Batting: LHB Mike Scioscia 0-0: Foul Ball, location: 2F
0-1: Called Strike
0-2: Ball
1-2: SINGLE (Groundball, 56D, EV 94.4 MPH)
Tony Fernandez to third
Leon Durham to second
Runner from 3rd tries for Home, throw by LF and OUT! 7-2
Batting: RHB Craig Kusick 0-0: Called Strike
Leon Durham steals 3rd base
Mike Scioscia to second
0-1: SINGLE (Groundball, 4MD, EV 110.0 MPH)
Leon Durham scores
Mike Scioscia to third
Runner from 3rd tries for Home, SAFE, throw by CF to home
Craig Kusick to second
Batting: LHB Joe L Morgan 0-0: Foul Ball, location: 2F
0-1: SINGLE (Flyball, 78S, EV 86.9 MPH)
Craig Kusick to third
Runner from 3rd tries for Home, SAFE, throw by LF to home
Batting: RHB Tom Veryzer 0-0: SINGLE (Line Drive, 8LS, EV 93.8 MPH)
Joe L Morgan to second
Runner from 2nd tries for 3rd, SAFE, no throw by CF
Batting: LHB Gary Carter 0-0: Ball
1-0: Ball
2-0: Called Strike
Tom Veryzer steals 2nd base (no throw)
2-1: SINGLE (Groundball, 5L, EV 106.3 MPH)
Joe L Morgan scores
Tom Veryzer to third
Runner from 3rd tries for Home, SAFE, throw by LF to home
Gary Carter to second
Batting: LHB Brett Butler 0-0: Called Strike
0-1: Ball
1-1: Swinging Strike
1-2: Ball
Wild Pitch!
Gary Carter to third
2-2: Fly out, F8 (Line Drive, 8LD, EV 86.9 MPH)
Runner from 3rd tags up, SCORES, no throw by CF
Batting: LHB Mike Hargrove 0-0: Ball
1-0: Ball
2-0: Ball
3-0: Called Strike
3-1: Ground out 4-3 (Groundball, 4, EV 83.1 MPH)
Top of the 4th over - 6 runs, 6 hits, 1 error, 0 left on base; Atlanta 6 - Pittsburgh 5
BOTTOM OF THE 4TH
Pittsburgh Pirates batting - Pitching for Atlanta Braves : RHP Gary Carter
Batting: SHB Ron Oester 0-0: Foul Ball, location: 2F
0-1: Ball
1-1: Swinging Strike
1-2: Strikes out swinging
Batting: LHB Terry Whitfield 0-0: Ball
1-0: Ball
2-0: Called Strike
2-1: Swinging Strike
2-2: Ground out 6-3 (Groundball, 6, EV 85.6 MPH)
Pinch Hitting: LHB Craig Barnes 0-0: Ball
1-0: Ball
2-0: Foul Ball, location: 2F
2-1: Ground out 4-3 (Groundball, 4, EV 91.9 MPH)
Bottom of the 4th over - 0 runs, 0 hits, 0 errors, 0 left on base; Atlanta 6 - Pittsburgh 5
TOP OF THE 5TH
Atlanta Braves batting - Pitching for Pittsburgh Pirates : LHP John Tudor
Pitching: RHP Jose Vasquez
Batting: SHB Tony Fernandez 0-0: Called Strike
0-1: Ball
1-1: Ball
2-1: Called Strike
2-2: Foul Ball, location: 2F
2-2: Foul Ball, location: 2F
2-2: Ground out 4-3 (Groundball, 4S, EV 85.6 MPH)
Batting: LHB Leon Durham 0-0: Called Strike
0-1: Ball
1-1: Called Strike
1-2: Strikes out swinging
Batting: LHB Mike Scioscia 0-0: Fly out, F9 (Flyball, 9LM, EV 95.0 MPH)
Top of the 5th over - 0 runs, 0 hits, 0 errors, 0 left on base; Atlanta 6 - Pittsburgh 5
BOTTOM OF THE 5TH
Pittsburgh Pirates batting - Pitching for Atlanta Braves : RHP Gary Carter
Batting: RHB Dan Gladden 0-0: Ball
1-0: Fly out, F8 (Flyball, 8RXD, EV 100.6 MPH)
Batting: SHB Chili Davis 0-0: Ball
1-0: Ground out 4-3 (Groundball, 4, EV 90.0 MPH)
Batting: RHB Rennie Stennett 0-0: Ball
1-0: Ball
2-0: Swinging Strike
2-1: SINGLE (Line Drive, 34D, EV 94.4 MPH)
Batting: LHB Robert Lopez 0-0: Ball
Rennie Stennett steals 2nd base
1-0: Fly out, F8 (Flyball, 8LM, EV 95.6 MPH)
Bottom of the 5th over - 0 runs, 1 hit, 0 errors, 1 left on base; Atlanta 6 - Pittsburgh 5
TOP OF THE 6TH
Atlanta Braves batting - Pitching for Pittsburgh Pirates : RHP Jose Vasquez
Batting: RHB Craig Kusick 0-0: SINGLE (Line Drive, 78S, EV 98.1 MPH)
Batting: LHB Joe L Morgan 0-0: Bunted foul
0-1: Ball
1-1: Ball
2-1: Sac Bunt to 23 - play at first, batter OUT! 3-4
Craig Kusick to second
Batting: RHB Tom Veryzer 0-0: Called Strike
0-1: Ground out 6-3 (Groundball, 56, EV 100.0 MPH)
Batting: LHB Gary Carter 0-0: Ball
1-0: Called Strike
1-1: Ball
2-1: Ground out 5-3 (Groundball, 56S, EV 86.3 MPH)
Top of the 6th over - 0 runs, 1 hit, 0 errors, 1 left on base; Atlanta 6 - Pittsburgh 5
BOTTOM OF THE 6TH
Pittsburgh Pirates batting - Pitching for Atlanta Braves : RHP Gary Carter
Batting: LHB Greg Walker 0-0: Ball
1-0: Ball
2-0: Called Strike
2-1: Ball
3-1: Base on Balls
Batting: RHB Mike C Brown 0-0: Ball
1-0: Foul Ball, location: 2F
1-1: Sac Bunt to 13S - play at second, runner OUT! 1-6
Batting: SHB Ron Oester 0-0: Called Strike
0-1: 2-RUN HOME RUN (Flyball, 9D, EV 93.1 MPH), Distance : 381 ft
Pitching: LHP Scott McGregor
Batting: LHB Terry Whitfield 0-0: Swinging Strike
0-1: Foul Ball, location: 2F
0-2: Strikes out swinging
Pinch Hitting: SHB John Shelby 0-0: Ball
1-0: Foul Ball, location: 2F
1-1: Ball
2-1: Foul Ball, location: 2F
2-2: Ball
3-2: Fly out, F8 (Flyball, 8RM, EV 92.5 MPH)
Bottom of the 6th over - 2 runs, 1 hit, 0 errors, 0 left on base; Atlanta 6 - Pittsburgh 7
TOP OF THE 7TH
Atlanta Braves batting - Pitching for Pittsburgh Pirates : RHP Jose Vasquez
Pitching: RHP Mark Lemongello
Batting: LHB Brett Butler 0-0: Called Strike
0-1: Ball
1-1: Swinging Strike
1-2: Hit by Pitch
Batting: LHB Mike Hargrove 0-0: Called Strike
Brett Butler steals 2nd base (no throw)
0-1: Ball
1-1: Foul Ball, location: 2F
1-2: SINGLE (Groundball, 4D, EV 103.8 MPH)
Brett Butler to third
Runner from 3rd tries for Home, SAFE, throw by RF to home
Batting: SHB Tony Fernandez 0-0: Fly out, F5 (Line Drive, 5, EV 70.0 MPH)
Batting: LHB Leon Durham 0-0: Ball
1-0: Ball
2-0: Ball
3-0: Base on Balls
Mike Hargrove to second
Batting: LHB Mike Scioscia 0-0: Grounds into double play, 5-4-3 (Groundball, 56, EV 85.6 MPH)
Top of the 7th over - 1 run, 1 hit, 0 errors, 1 left on base; Atlanta 7 - Pittsburgh 7
BOTTOM OF THE 7TH
Pittsburgh Pirates batting - Pitching for Atlanta Braves : LHP Scott McGregor
Pitching: RHP Charlie Lea
Batting: RHB Dan Gladden 0-0: Called Strike
0-1: Called Strike
0-2: Ball
1-2: Ground out 4-3 (Groundball, 4, EV 101.3 MPH)
Batting: SHB Chili Davis 0-0: Ground out 3-1 (Groundball, 34, EV 90.6 MPH)
Batting: RHB Rennie Stennett 0-0: Foul Ball, location: 2F
0-1: Ball
1-1: Ball
2-1: Called Strike
2-2: DOUBLE (Line Drive, 89D, EV 100.6 MPH)
Batting: LHB Robert Lopez 0-0: Ground out 5-3 (Groundball, 5, EV 79.4 MPH)
Bottom of the 7th over - 0 runs, 1 hit, 0 errors, 1 left on base; Atlanta 7 - Pittsburgh 7
TOP OF THE 8TH
Atlanta Braves batting - Pitching for Pittsburgh Pirates : RHP Mark Lemongello
Batting: RHB Craig Kusick 0-0: Called Strike
0-1: Swinging Strike
0-2: Foul Ball, location: 2F
0-2: Ball
1-2: Ball
2-2: Foul Ball, location: 2F
2-2: SINGLE (Groundball, 34D, EV 107.5 MPH)
Batting: LHB Joe L Morgan 0-0: Ball
1-0: SINGLE (Groundball, 6M, EV 95.0 MPH)
Craig Kusick to second
Runner from 2nd tries for 3rd, SAFE, throw by CF made to third
Batting: RHB Tom Veryzer 0-0: Ball
1-0: Ball
2-0: Foul Ball, location: 2F
2-1: Called Strike
2-2: Foul Ball, location: 2F
2-2: Strikes out swinging
Pinch Hitting: LHB Bobby Murcer 0-0: Called Strike
0-1: Ball
1-1: Ball
2-1: Called Strike
Joe L Morgan steals 2nd base
2-2: Strikes out swinging
Pitching: RHP Mike Smithson
Batting: LHB Brett Butler 0-0: Ball
1-0: Ball
2-0: Called Strike
2-1: Foul Ball, location: 2F
2-2: Foul Ball, location: 2F
2-2: Ball
3-2: Foul Ball, location: 2F
3-2: Fly out, F6 (Popup, 6M, EV 55.0 MPH)
Top of the 8th over - 0 runs, 2 hits, 0 errors, 2 left on base; Atlanta 7 - Pittsburgh 7
BOTTOM OF THE 8TH
Pittsburgh Pirates batting - Pitching for Atlanta Braves : RHP Charlie Lea
Pitching: RHP Rick Sutcliffe
Batting: LHB Greg Walker 0-0: Ball
1-0: Ball
2-0: Ball
3-0: Called Strike
3-1: Called Strike
3-2: Base on Balls
Batting: RHB Mike C Brown 0-0: Ball
1-0: Called Strike
1-1: Foul Ball, location: 2F
1-2: Foul Ball, location: 2F
1-2: Ball
2-2: Foul Ball, location: 2F
2-2: Foul Ball, location: 2F
2-2: Strikes out swinging
Batting: SHB Ron Oester 0-0: Called Strike
0-1: SINGLE (Flyball, 78S, EV 93.8 MPH)
Greg Walker to second
Batting: LHB Terry Whitfield 0-0: Ball
1-0: Called Strike
1-1: Foul Ball, location: 2F
1-2: Fielders Choice at 2nd, 6-4 (Groundball, 6, EV 86.9 MPH)
Greg Walker to third
Pinch Hitting: RHB William Max 0-0: Called Strike
0-1: Ball
1-1: Swinging Strike
1-2: Strikes out swinging
Bottom of the 8th over - 0 runs, 1 hit, 0 errors, 2 left on base; Atlanta 7 - Pittsburgh 7
TOP OF THE 9TH
Atlanta Braves batting - Pitching for Pittsburgh Pirates : RHP Mike Smithson
Pitching: RHP Timnothy Milner
Batting: LHB Mike Hargrove 0-0: Ball
1-0: Ball
2-0: Foul Ball, location: 2F
2-1: Ball
3-1: Ground out 4-3 (Groundball, 4, EV 88.1 MPH)
Batting: SHB Tony Fernandez 0-0: Ball
1-0: Foul Ball, location: 2F
1-1: Ball
2-1: Foul Ball, location: 2F
2-2: Ball
3-2: Base on Balls
Batting: LHB Leon Durham 0-0: Fielders Choice at 2nd, 1-6 (Groundball, 13, EV 73.8 MPH)
Batting: LHB Mike Scioscia 0-0: Ball
1-0: Swinging Strike
1-1: Ball
2-1: Foul Ball, location: 2F
2-2: Foul Ball, location: 2F
2-2: Ball
Leon Durham steals 2nd base
3-2: Intentional Walk
Batting: RHB Craig Kusick 0-0: Ball
1-0: Foul Ball, location: 2F
1-1: Ball
2-1: Swinging Strike
2-2: Foul Ball, location: 2F
2-2: Foul Ball, location: 2F
2-2: Ball
3-2: Ground out 6-3 (Groundball, 6, EV 86.3 MPH)
Top of the 9th over - 0 runs, 0 hits, 0 errors, 2 left on base; Atlanta 7 - Pittsburgh 7
BOTTOM OF THE 9TH
Pittsburgh Pirates batting - Pitching for Atlanta Braves : RHP Rick Sutcliffe
Batting: RHB Dan Gladden 0-0: Ground out U3 (Groundball, 3, EV 81.9 MPH)
Batting: SHB Chili Davis 0-0: Ball
1-0: Ground out U3 (Groundball, 3L, EV 77.5 MPH)
Batting: RHB Rennie Stennett 0-0: Called Strike
0-1: Ball
1-1: Ball
2-1: Fly out, F8 (Flyball, 8RM, EV 87.5 MPH)
Bottom of the 9th over - 0 runs, 0 hits, 0 errors, 0 left on base; Atlanta 7 - Pittsburgh 7
TOP OF THE 10TH
Atlanta Braves batting - Pitching for Pittsburgh Pirates : RHP Timnothy Milner
Batting: LHB Joe L Morgan 0-0: Fly out, F9 (Flyball, 89S, EV 86.9 MPH)
Pinch Hitting: RHB Gil Flores 0-0: Ball
1-0: Ball
2-0: SINGLE (Flyball, 78S, EV 98.1 MPH)
Pinch Hitting: SHB UL Washington 0-0: Ball
1-0: Called Strike
1-1: Called Strike
Gil Flores steals 2nd base
1-2: Ball
2-2: Foul Ball, location: 2F
2-2: Strikes out swinging
Batting: LHB Brett Butler 0-0: Called Strike
0-1: Ball
1-1: Ball
2-1: Foul Ball, location: 2F
2-2: Ball
3-2: Foul Ball, location: 2F
3-2: Foul Ball, location: 2F
3-2: SINGLE (Groundball, 15S, EV 73.1 MPH) (infield hit)
Gil Flores to third
Batting: LHB Mike Hargrove 0-0: Called Strike
0-1: Swinging Strike
0-2: Strikes out swinging
Top of the 10th over - 0 runs, 2 hits, 0 errors, 2 left on base; Atlanta 7 - Pittsburgh 7
BOTTOM OF THE 10TH
Pittsburgh Pirates batting - Pitching for Atlanta Braves : RHP Rick Sutcliffe
Pitching: RHP Tom Griffin
Now at 3B: UL Washington
Batting: LHB Robert Lopez 0-0: Fly out, F7 (Line Drive, 7, EV 89.4 MPH)
Batting: LHB Greg Walker 0-0: Ball
1-0: Ball
2-0: Ball
3-0: Base on Balls
Batting: RHB Mike C Brown 0-0: Ball
1-0: Swinging Strike
1-1: SINGLE (Groundball, 34D, EV 95.0 MPH)
Greg Walker to second
Runner from 2nd tries for 3rd, SAFE, no throw by RF
Batting: SHB Ron Oester 0-0: Swinging Strike
0-1: Foul Ball, location: 2F
0-2: Ball
1-2: Strikes out looking
Batting: LHB Terry Whitfield 0-0: Ball
Mike C Brown steals 2nd base (no throw)
1-0: SINGLE (Groundball, 4MD, EV 107.5 MPH)
Greg Walker scores
Bottom of the 10th over - 1 run, 2 hits, 0 errors, 0 left on base; Atlanta 7 - Pittsburgh 8
Wednesday, August 19th, 2020 - OOTP Baseball 21.5 Build 76